 Dungeon Crawl Stone Soup version 0.27.0-1-g7a089689b8 (webtiles) character file.

Game seed: 17294082424979909011

9063 DearestLeader the Destroyer (level 11, -3/86 HPs)
             Began as a Purple Draconian Conjurer on Aug 9, 2021.
             Was a Follower of Vehumet.
             Slain by a five-headed hydra (13 damage)
             ... on level 1 of the Lair of Beasts.
             The game lasted 00:25:04 (11172 turns).

DearestLeader the Destroyer (DrCj)                 Turns: 11172, Time: 00:25:05

Health: -3/86      AC:  8    Str: 15    XL:     11   Next: 18%
Magic:  9/20       EV: 12    Int: 23    God:    Vehumet [*.....]
Gold:   432        SH:  0    Dex:  9    Spells: 8/22 levels left

rFire    + . .     SeeInvis .   y - +9 dagger "Plog" {freeze, rF+ Str+6}
rCold    . . .     Faith    .   (no shield)
rNeg     . . .     Spirit   .   (armour unavailable)
rPois    .         Reflect  .   (helmet restricted)
rElec    .         Harm     .   x - +0 cloak
rCorr    .         Rampage  .   (no gloves)
Will     +....                  (no boots)
Stlth    ++........             (no amulet)
HPRegen  0.24/turn              (no ring)
MPRegen  0.17/turn              (no ring)

@: no status effects
A: breathe power, AC +7, unfitting armour, cold-blooded
a: Breathe Dispelling Energy, Renounce Religion


You were on level 1 of the Lair of Beasts.
You worshipped Vehumet.
Vehumet was aware of your devotion.
You visited 3 branches of the dungeon, and saw 11 of its levels.

You collected 542 gold pieces.
You spent 110 gold pieces at shops.

Inventory:

Hand Weapons
 d - a +0 whip
 s - a +1 halberd of venom
 y - the +9 dagger "Plog" (weapon) {freeze, rF+ Str+6}
   (You found it on level 6 of the Dungeon)

   It freezes those it strikes, dealing additional cold damage.
   It can also slow down cold-blooded creatures.
   Str:       It affects your strength (+6).
   rF:        It protects you from fire.
 H - a +2 vorpal shortbow
Missiles
 j - 4 throwing nets
 u - 8 silver javelins (quivered)
 I - 50 arrows
Armour
 t - a +0 buckler
 x - a +0 cloak (worn)
 F - a +0 kite shield
Jewellery
 c - an amulet of guardian spirit
Wands
 o - a wand of flame (6)
 A - a wand of polymorph (15)
 D - a wand of iceblast (7)
Scrolls
 a - a scroll of blinking
 f - 2 scrolls of fear
 i - a scroll of enchant weapon
 l - 3 scrolls of magic mapping
 n - 5 scrolls of teleportation
 q - a scroll of amnesia
 v - a scroll of noise {unknown}
 z - a scroll of torment {unknown}
 G - a scroll of vulnerability {unknown}
Potions
 b - 2 potions of lignification
 e - 3 potions of brilliance
 g - a potion of attraction {unknown}
 h - 3 potions of haste
 k - 4 potions of curing
 m - a potion of cancellation {unknown}
 p - 2 potions of flight {unknown}
 r - 5 potions of heal wounds
 w - a potion of might
 B - a potion of berserk rage {unknown}
 C - 2 potions of ambrosia {unknown}
 E - a potion of invisibility {unknown}


   Skills:
 - Level 5.0 Fighting
 * Level 9.3 Short Blades
 - Level 2.0 Dodging
 - Level 1.7 Stealth
 - Level 4.0 Shields
 + Level 6.1 Spellcasting
 + Level 11.1 Conjurations
 - Level 4.0 Hexes
 + Level 5.1 Ice Magic


You had 8 spell levels left.
You knew the following spells:

 Your Spells              Type           Power      Damage    Failure   Level
a - Magic Dart            Conj           100%       1d8       1%          1
b - Searing Ray           Conj           100%       3d7       1%          2
c - Fulminant Prism       Conj/Hex       20%        3d13      3%          4
d - Ozocubu's Refrigerat  Ice            15%        4d8       100%        7

Your spell library contained the following spells:

 Spells                   Type           Power      Damage    Failure   Level
 Sandblast                Erth           14%        2d6       9%          1
 Dazzling Flash           Conj/Hex       82%        N/A       1%          3
 Ozocubu's Armour         Ice            30%        N/A       3%          3
 Iskenderun's Mystic Bla  Conj/Tloc      32%        2d8       9%          4
 Sublimation of Blood     Necr           3%         N/A       13%         2
 Irradiate                Conj/Tmut      16%        3d19      24%         5
 Petrify                  Tmut/Erth      7%         N/A       63%         4


Dungeon Overview and Level Annotations

Branches:
Dungeon (9/15)             Temple (1/1) D:6            Lair (1/6) D:9
    Orc: D:9-12

Altars:
Ashenzari
Cheibriados
Dithmenos
Elyvilon
Fedhas
Gozag
Hepliaklqana
Kikubaaqudgha
Makhleb
Nemelex Xobeh
Okawaru
Qazlal
Ru
Sif Muna
Trog
Uskayaw
Vehumet
Wu Jian
Xom
Yredelemnul
Zin
The Shining One

Shops:
D:3 !   D:5 !

Annotations:
D:3 2 transporters


Innate Abilities, Weirdness & Mutations

You can breathe bolts of dispelling energy.
Your rich purple scales are hard. (AC +7)
You cannot fit into any form of body armour.
You are cold-blooded and may be slowed by cold attacks.


Message History

Aim: a blink frog You can't place the prism on a creature.
Unknown command.
Casting: Fulminant Prism (dangerous; 3% risk of failure)
Confirm with . or Enter, or press ? or * to list all spells.
Aiming: Fulminant Prism (dangerous; 3% risk of failure)
Press: ? - help, Dir - move target, p - blink frog You conjure a prism of explosive energy!
A fulminant prism comes into view.
A komodo dragon comes into view.
The blink frog hits you! x2
Your fulminant prism crackles loudly.
The blink frog blinks!
The blink frog hits you!
The blink frog blinks!
Your fulminant prism explodes!
The blast of energy engulfs the blink frog!!
The blink frog is severely wounded.
The blast of energy engulfs the five-headed hydra!
The five-headed hydra is heavily wounded.
You hear a loud, deep croak!
Casting: Fulminant Prism (dangerous; 3% risk of failure)
Confirm with . or Enter, or press ? or * to list all spells.
Aiming: Fulminant Prism (dangerous; 3% risk of failure)
Press: ? - help, Dir - move target You conjure a prism of explosive energy!
A fulminant prism comes into view.
The blink frog blinks!
Your fulminant prism crackles loudly.
The blink frog misses you. The blink frog hits you!
Your fulminant prism explodes!
Vehumet accepts your kill.
You feel a bit more experienced.
Training target 4.0 for Shields reached!
Your Shields skill increases to level 4!
Unknown command.
The blink frog blinks!
The five-headed hydra bites you!
* * * LOW HITPOINT WARNING * * *
The five-headed hydra closely misses you.
The five-headed hydra bites you!
* * * LOW HITPOINT WARNING * * *
The five-headed hydra bites you!
You die...

........................
..........................
..........................
.^........#..######....##
#.........#........#....# ....
#.###..............#..... .#.....
#..##(....#........P...##
.......##..#.....(#............#
.#.....#.......F@.+........#...#
.......##..##..D..#............#
.#.....##.###.....#........#....#
.......P..###.....#........#....#
?#.........§......#........# ..##
..........§...##..##.##+#### .#
..........l...#8..8#
...............F.>...
......................


You could see a five-headed hydra, a komodo dragon and 2 blink frogs.

Vanquished Creatures
  A centaur warrior (D:9)
  A two-headed ogre (D:8)
  A deep elf zephyrmancer (D:8)
  A cane toad (Lair:1)
  2 komodo dragons (Lair:1)
  A troll (D:9)
  3 blink frogs (Lair:1)
  Sigmund (D:7)
  A wraith (D:8)
  A wyvern (D:9)
  3 yaks
  2 steam dragons (D:9)
  An acid dragon (D:9)
  2 black bears
  An ice beast (D:8)
  3 orc warriors
  5 sky beasts
  A necrophage (D:7)
  2 ogres
  4 wolves
  4 centaurs
  A phantom (D:6)
  5 bullfrogs
  5 scorpions
  A water moccasin skeleton (D:6)
  21 killer bees
  2 howler monkeys (D:7)
  An electric eel (D:9)
  2 centaur zombies
  2 jellies (D:6)
  4 hounds
  A bullfrog skeleton (D:5)
  2 centaur skeletons
  4 orc priests
  3 iguanas
  5 orc wizards
  A killer bee zombie (D:6)
  A howler monkey zombie (D:5)
  6 gnolls
  4 adders
  An adder skeleton (D:4)
  2 worms
  3 dart slugs
  22 orcs
  7 endoplasms
  4 giant cockroaches
  8 goblins
  11 hobgoblins
  6 jackals (D:4)
  2 quokkas
  8 ball pythons
  3 bats
  6 frilled lizards
  4 kobolds
  5 rats
204 creatures vanquished.

Vanquished Creatures (others)
  12 fulminant prisms
  2 plants (D:1)
14 creatures vanquished.

Grand Total: 218 creatures vanquished

Notes
Turn   | Place    | Note
-------+----------+-------------------------------------------
     0 | D:1      | DearestLeader the Draconian Conjurer began the quest for
                  | the Orb.
     0 | D:1      | Reached XP level 1. HP: 14/14 MP: 3/3
   223 | D:1      | Reached XP level 2. HP: 20/20 MP: 0/5
   236 | D:1      | Learned a level 2 spell: Searing Ray
   591 | D:1      | Found a faded altar of an unknown god.
  1191 | D:2      | Reached skill level 5 in Conjurations
  1242 | D:2      | Reached XP level 3. HP: 26/26 MP: 3/6
  1837 | D:2      | Reached XP level 4. HP: 16/33 MP: 0/7
  2355 | D:3      | Reached skill level 6 in Conjurations
  2446 | D:3      | Found Ega Linymo's Distillery.
  2497 | D:3      | Found a shadowy altar of Dithmenos.
  2557 | D:3      | Found a transporter.
  2566 | D:3      | Found a transporter.
  2763 | D:3      | Found an ancient bone altar of Kikubaaqudgha.
  2916 | D:3      | Reached XP level 5. HP: 27/38 MP: 8/8
  3431 | D:4      | Reached skill level 7 in Conjurations
  3444 | D:4      | Learned a level 4 spell: Fulminant Prism
  3695 | D:4      | Reached skill level 1 in Fighting
  3942 | D:4      | Reached XP level 6. HP: 47/47 MP: 3/9
  4253 | D:5      | Entered Level 5 of the Dungeon
  4386 | D:5      | Noticed a sky beast
  4391 | D:5      | Killed a sky beast
  4576 | D:5      | Reached skill level 8 in Conjurations
  4576 | D:5      | Your scales start taking on a rich purple colour.
  4576 | D:5      | Reached XP level 7. HP: 36/52 MP: 9/12
  4929 | D:5      | Learned a level 7 spell: Ozocubu's Refrigeration
  4969 | D:5      | Reached skill level 1 in Hexes
  5180 | D:5      | Reached skill level 1 in Ice Magic
  5400 | D:5      | Found Rinir's Distillery.
  5403 | D:5      | Bought a potion of heal wounds for 55 gold pieces
  5403 | D:5      | Bought a potion of heal wounds for 55 gold pieces
  5540 | D:6      | Reached XP level 8. HP: 37/61 MP: 14/14
  5685 | D:6      | Identified the +9 dagger "Plog" {freeze, rF+ Str+6}
  5705 | D:6      | Reached skill level 9 in Conjurations
  5805 | D:6      | Identified the +8 chain mail "Raepsyc" {Rampage rF- Regen+}
  5926 | D:6      | Reached skill level 1 in Short Blades
  6167 | D:6      | Found a staircase to the Ecumenical Temple.
  6172 | Temple   | Entered the Ecumenical Temple
  6834 | D:7      | Reached skill level 5 in Spellcasting
  6924 | D:7      | Found a blossoming altar of Fedhas.
  6926 | D:7      | Found an ornate altar of the Wu Jian Council.
  6927 | D:7      | Found a glowing silver altar of Zin.
  6927 | D:7      | Found a broken altar of Ashenzari.
  6928 | D:7      | Found a glowing golden altar of the Shining One.
  6928 | D:7      | Found a sacrificial altar of Ru.
  6929 | D:7      | Found a burning altar of Makhleb.
  7259 | D:7      | Found an opulent altar of Gozag.
  7450 | D:7      | Reached XP level 9. HP: 47/70 MP: 11/17
  7702 | D:7      | Noticed Sigmund
  7721 | D:7      | Killed Sigmund
  8168 | D:8      | Noticed a two-headed ogre
  8178 | D:8      | Killed a two-headed ogre
  8179 | D:8      | Reached skill level 5 in Short Blades
  8179 | D:8      | Reached skill level 10 in Conjurations
  8601 | D:8      | Found a radiant altar of Vehumet.
  8636 | D:8      | Became a worshipper of Vehumet
  8677 | D:8      | Found a stormy altar of Qazlal.
  8691 | D:8      | Reached skill level 5 in Fighting
  9096 | D:8      | Noticed a deep elf zephyrmancer
  9101 | D:8      | Killed a deep elf zephyrmancer
  9102 | D:8      | Reached XP level 10. HP: 81/81 MP: 13/19
  9600 | D:9      | Noticed a centaur warrior
  9777 | D:9      | Reached * piety under Vehumet
  9777 | D:9      | Offered knowledge of Sandblast by Vehumet.
 10106 | D:9      | Reached skill level 1 in Shields
 10236 | D:9      | Found a staircase to the Lair.
 10348 | D:9      | Killed a centaur warrior
 10350 | D:9      | Reached skill level 11 in Conjurations
 10423 | D:9      | Reached XP level 11. HP: 57/86 MP: 4/20
 10584 | Lair:1   | Entered Level 1 of the Lair of Beasts
 11116 | Lair:1   | Reached skill level 5 in Ice Magic
 11162 | Lair:1   | Noticed a five-headed hydra
 11172 | Lair:1   | Slain by a five-headed hydra

Illustrated notes

Levels and vault maps discovered:
D:1:      roderic_chinese_lattice_arrival, layout_basic,
          shapermc_ecumenical_altar_ellora, serial_bayou_pond_b,
          chequers_serial_rivers_small_a, serial_bayou_pond_a,
          wad_floor_pattern_untrapped
D:2:      layout_loops_cross
D:3:      gammafunk_wand_slinger, layout_basic, pf_just_have_faith,
          mainiacjoe_overflow_alcove_2, serial_shops, shop
D:4:      layout_layer_cave, minmay_puff
D:5:      layout_rooms, serial_shops, kennysheep_mini, nrook_pool_corridor
D:6:      layout_rooms, temple_doors_cd, hangedman_decor_opposing
D:7:      minmay_klotski, layout_basic,
          nicolae_gozag_cash_rules_everything_around_me,
          grunt_temple_overflow_open, sigmund_army
D:8:      layout_cave_pools, lemuel_doored_altar, lemuel_tele_altar,
          guppyfry_early_elven_hall
D:9:      layout_rooms, erik_lair_island, hangedman_misty_isle
Temple:   jpeg_temple_alley_garden
Lair:1:   layout_regular_city, minivault_26, grunt_forest_stairs_basic,
          st_stairs_6

Skill      XL: |  1  2  3  4  5  6  7  8  9 10 11 |
---------------+----------------------------------+-----
Conjurations   | 5 6 7 8 9 10 11 | 11.1
Dodging        | 2 |  2.0
Fighting       | 1 3 5 |  5.0
Spellcasting   | 3 4 5 6 |  6.1
Hexes          | 2 4 |  4.0
Ice Magic      | 1 2 4 5 |  5.1
Short Blades   | 3 6 9 |  9.3
Shields        | 3 4 |  4.0
Stealth        | |  1.7

Action                   |  1- 3 |  4- 6 |  7- 9 | 10-12 || total
-------------------------+-------+-------+-------+-------++-------
Melee: Unarmed           |     5 |       |       |       ||     5
       Spear             |    12 |       |       |       ||    12
       Whip              |    25 |    69 |       |       ||    94
       Tailslap          |     3 |     5 |    11 |     2 ||    21
       Halberd           |       |     8 |    42 |       ||    50
       Dagger            |       |       |    95 |    57 ||   152
 Cast: Magic Dart        |    28 |     1 |     6 |     4 ||    39
       Searing Ray       |    14 |    27 |    20 |    28 ||    89
       Fulminant Prism   |       |       |     1 |    11 ||    12
  Use: Scroll            |       |     2 |       |     8 ||    10
       Potion            |       |       |       |     1 ||     1
Armor: Skin              |    23 |    37 |    70 |    40 ||   170
Dodge: Dodged            |    35 |    60 |   118 |    70 ||   283
